 Dungeon Crawl Stone Soup version 0.25.0-45-g978344163c (webtiles) character file.

Game seed: 10298624305665318789

74 EWolf27 the Digger (level 4, -1/26 HPs)
             Began as a Gargoyle Earth Elementalist on July 11, 2020.
             Slain by a centaur (5 damage)
             ... on level 2 of the Dungeon.
             The game lasted 00:08:25 (2247 turns).

EWolf27 the Digger (Gargoyle Earth Elementalist)    Turns: 2247, Time: 00:08:25

Health: -1/26      AC:  9    Str: 11    XL:     4   Next: 30%
Magic:  8/8        EV: 10    Int: 17    God:
Gold:   65         SH:  0    Dex: 10    Spells: 4/8 levels left

rFire    . . .     SeeInvis .   a - +0 whip
rCold    . . .     Gourm    .   (no shield)
rNeg     + . .     Faith    .   r - +0 ring mail
rPois    ∞         Spirit   .   h - +0 helmet
rElec    +         Reflect  .   (no cloak)
rCorr    .         Harm     .   (no gloves)
MR       .....                  (no boots)
Stlth    +.........             (no amulet)
HPRegen  0.08/turn              (no ring)
MPRegen  0.11/turn              (no ring)

@: no status effects
A: negative energy resistance 1, electricity resistance, unbreathing,
petrification resistance, rot immunity, AC +3
a: no special abilities


You were on level 2 of the Dungeon.
You were not hungry.

You visited 1 branch of the dungeon, and saw 2 of its levels.

You collected 65 gold pieces.

Inventory:

Hand Weapons
 a - a +0 whip (weapon)
 l - a +1 vampiric short sword
Missiles
 b - 143 stones (quivered)
Armour
 c - a +0 robe
 h - a +0 helmet (worn)
 r - a +0 ring mail (worn)
Jewellery
 n - an uncursed ring of positive energy {unknown}
Scrolls
 e - a scroll of blinking {unknown}
 f - a scroll of amnesia {unknown}
 i - a scroll of identify {unknown}
 k - a scroll of teleportation {unknown}
 m - 2 scrolls of remove curse {unknown}
 p - a scroll of immolation {unknown}
 q - a scroll of magic mapping {unknown}
Potions
 g - a potion of ambrosia {unknown}
 j - a potion of berserk rage {unknown}
Comestibles
 d - 4 rations


   Skills:
 - Level 2.0 Fighting
 - Level 1.5 Dodging
 - Level 2.1 Stealth
 + Level 2.9 Spellcasting
   Level 0.7 Transmutations
 + Level 4.7 Earth Magic


You had 4 spell levels left.
You knew the following spells:

 Your Spells              Type           Power        Failure   Level  Hunger
a - Sandblast             Erth           ###...       6%          1    #......
b - Stone Arrow           Conj/Erth      ##....       45%         3    ###....

Your spell library contained the following spells:

 Spells                   Type           Power        Failure   Level  Hunger
 Passwall                 Tmut/Erth      ##......     22%         2    ##.....
 Petrify                  Tmut/Erth      ##......     80%         4    #####..
 Lee's Rapid Deconstruct  Erth           ###.......   86%         5    ######.


Dungeon Overview and Level Annotations

Branches:
Dungeon (2/15)

Altars:


Innate Abilities, Weirdness & Mutations

You are resistant to torment.
Your stone body is resilient. (AC +3)
You are immune to poison.
You resist negative energy. (rN+)
You are resistant to electric shocks. (rElec)
You can survive without breathing.
You are immune to petrification.
You are immune to rotting.


Message History

The centaur shoots an arrow.
The arrow hits you.
You see here an arrow.
The centaur shoots an arrow.
The arrow hits you but does no damage.
There is a stone staircase leading up here.
You see here an arrow.
The centaur shoots an arrow.
The arrow hits you.
The centaur shoots an arrow.
The arrow hits you!
You see here 2 arrows.
The centaur shoots an arrow.
The arrow completely misses you.
The centaur shoots an arrow.
The arrow hits you!
* * * LOW HITPOINT WARNING * * *
You see here an arrow.
The centaur unwields a +0 shortbow.
The centaur closely misses you. The centaur barely misses you.
You barely miss the centaur.
The centaur hits you but does no damage.
You barely miss the centaur.
The centaur hits you but does no damage.
The centaur hits you.
You die...

#.#.#######
########.#.......#
....[....#)#####(#
########.))..# #(#
#######.....# #<#
............# #(#
#######.....# #.#
###.....###(#
##≈≈≈≈≈≈≈≈≈#@#
#.≈#≈≈≈≈≈#≈#c#
#####.≈#≈###≈#≈#.#
......≈#≈≈≈≈≈#≈#.#
.##.##≈≈≈≈≈≈≈≈≈#.#
#. ##.#..#####.# #
#...## #.# #.#<##
#.# #.###.#


You could see a centaur.

Vanquished Creatures
  An orc wizard (D:2)
  An adder (D:2)
  4 orcs (D:2)
  2 giant cockroaches (D:1)
  5 goblins
  4 hobgoblins (D:1)
  A ball python (D:1)
  3 bats (D:1)
  A frilled lizard (D:1)
  4 kobolds (D:1)
  5 rats
31 creatures vanquished.

Notes
Turn   | Place    | Note
-------+----------+-------------------------------------------
     0 | D:1      | EWolf27 the Gargoyle Earth Elementalist began the quest for
                  | the Orb.
     0 | D:1      | Reached XP level 1. HP: 10/10 MP: 3/3
   506 | D:1      | Reached XP level 2. HP: 8/16 MP: 5/5
   725 | D:1      | Reached skill level 1 in Fighting
   854 | D:1      | Reached skill level 4 in Earth Magic
  1628 | D:1      | Reached XP level 3. HP: 20/20 MP: 4/6
  1751 | D:2      | Reached XP level 4. HP: 9/26 MP: 1/8
  1990 | D:2      | Learned a level 3 spell: Stone Arrow
  2239 | D:2      | Noticed a centaur
  2247 | D:2      | Slain by a centaur

Illustrated notes

Levels and vault maps discovered:
D:1:      evilmike_arrival_hilbert_curve, layout_basic
D:2:      layout_loops_ring, lemuel_round_altar, serial_bayou,
          serial_bayou_pond_e, serial_bayou_pond_b, serial_bayou_shore_a,
          serial_bayou_lake_a, first_ration, minmay_crystal_water

Skill      XL: |  1  2  3 |
---------------+----------+-----
Fighting       | 1 2 |  2.0
Earth Magic    | 4 |  4.7
Dodging        | |  1.5
Stealth        | |  2.1
Spellcasting   | |  2.9
Transmutations | |  0.7

Action                   |  1- 3 |  4- 6 || total
-------------------------+-------+-------++-------
Melee: Unarmed           |    15 |       ||    15
       Club              |    70 |     2 ||    72
       Whip              |       |    25 ||    25
 Cast: Sandblast         |    11 |     1 ||    12
 Stab: Sleeping          |     5 |       ||     5
  Eat: Chunk             |     3 |     1 ||     4
Armor: Robe              |    38 |     1 ||    39
       Ring mail         |       |    17 ||    17
Dodge: Dodged            |    75 |    13 ||    88
